 Dungeon Crawl Stone Soup version 0.31-a0-344-gd109795599 (webtiles) character file.

Game seed: 18375047581117259315

20 GordonOverkill the Sneak (level 2, -6/24 HPs)
             Began as a Mummy Delver on July 22, 2023.
             Mangled by a gnoll
             ... wielding a +0 halberd
             ... led by a gnoll sergeant
              (11 damage)
             ... on level 6 of the Dungeon.
             The game lasted 00:02:33 (571 turns).

GordonOverkill the Sneak (Mummy Delver)              Turns: 571, Time: 00:02:33

Health: -6/24      AC:  3    Str: 15    XL:     2   Next: 58%
Magic:  4/4        EV: 11    Int:  9    God:
Gold:   0          SH:  0    Dex: 13    Spells: 1/3 levels left

rFire   x . .        g - +0 sling
rCold   + . .        (no shield)
rNeg    + + +        b - +0 leather armour
rPois   ∞            (no helmet)
rElec   .            (no cloak)
rCorr   .            (no gloves)
SInv    .            (no boots)
Will    .....        (no amulet)
Stlth   ++           (no ring)
HPRegen 0.24/turn    (no ring)
MPRegen 0.09/turn

%: faith
@: no status effects
A: cold resistance 1, negative energy resistance 3, torment resistance 2, heat
vulnerability 1, no potions, faith
a: no special abilities


You were on level 6 of the Dungeon.
You visited 1 branch of the dungeon, and saw 2 of its levels.
You also visited: Ossuary.

Inventory:

Hand Weapons
 a - a +0 short sword
 g - a +0 sling (weapon)
Armour
 b - a +0 leather armour (worn)
Wands
 f - a wand of digging (3)
Scrolls
 c - a scroll of fog
 e - a scroll of fear


   Skills:
 - Level 3.0 Fighting
 - Level 1.5 Short Blades
 - Level 1.5 Dodging
 - Level 4.1 Stealth
 + Level 1.4 Spellcasting
 + Level 0.9 Air Magic
 + Level 0.9 Poison Magic


You had one spell level left.
You knew the following spells:

 Your Spells              Type           Power      Damage    Failure   Level
a - Poisonous Vapours     Pois/Air       4%         N/A       41%         2

Your spell library contained the following spells:

 Spells                   Type           Power      Damage    Failure   Level
 Mephitic Cloud           Conj/Pois/Air  1%         N/A       69%         3
 Freezing Cloud           Conj/Ice/Air   0%         6-21      100%        5


Dungeon Overview and Level Annotations

Branches:
Dungeon (6/15)            Ossuary (visited)
 Temple: D:4-7

Altars:


Innate Abilities, Weirdness & Mutations

You are immune to poison.
Your flesh is cold resistant. (rC+)
You are immune to negative energy. (rN+++)
You are immune to unholy pain and torment.
You are vulnerable to heat. (rF-)
You do not drink.
You have a special connection with the divine. (Faith)


Message History

You shoot a sling bullet. The sling bullet hits the orc zombie.
The orc zombie is severely damaged.
You shoot a sling bullet. The sling bullet hits the orc zombie.
The orc zombie is almost destroyed.
You shoot a sling bullet. The sling bullet hits the orc zombie.
You destroy the orc zombie!
You shoot a sling bullet.
The sling bullet barely misses the mummy.
The mummy hits you!
Ouch! That really hurt!
* * * LOW HITPOINT WARNING * * *
A mummy is nearby!
There is an empty arch of ancient stone here. 2 mummies come into view.
The mummy closely misses you.
There is a gate leading back out of this place here.
There is a collapsed entrance here.
You start resting.
HP restored.
There is an open door here.
There is a stone staircase leading down here.
You climb downwards.
There is a stone staircase leading up here.
You shoot a sling bullet. The sling bullet hits the gnoll.
The gnoll shouts!
The gnoll is moderately wounded.
You hear a shout!
A gnoll sergeant comes into view. It is wielding a +0 spear.
You shoot a sling bullet.
The sling bullet hits the gnoll but does no damage.
The gnoll is moderately wounded.
The gnoll hits you with a +0 halberd!
Ouch! That really hurt!
* * * LOW HITPOINT WARNING * * *
A gnoll comes into view. It is wielding a +0 spear of flaming.
The gnoll sergeant hits you from afar with a +0 spear!
* * * LOW HITPOINT WARNING * * *
There is a stone staircase leading up here.
The gnoll hits you with a +0 halberd!
You die...

### #..
#.# #.#
#.#######
#@......#
#g#####.#
#g# g..
... .....
.....
###....


You could see a gnoll sergeant and 2 gnolls.

Vanquished Creatures
  A mummy (Ossuary)
  3 gnoll zombies (Ossuary)
  2 kobold zombies (Ossuary)
  3 orc zombies (Ossuary)
9 creatures vanquished.

Notes
Turn   | Place    | Note
-------+----------+-------------------------------------------
     0 | D:5      | GordonOverkill the Mummy Delver began the quest for the
                  | Orb.
     0 | D:5      | Reached XP level 1. HP: 18/18 MP: 1/1
    30 | D:5      | Found a sand-covered staircase.
    35 | Ossuary  | Entered an ossuary
   297 | Ossuary  | Reached skill level 1 in Spellcasting
   297 | Ossuary  | Reached XP level 2. HP: 11/24 MP: 4/4
   300 | Ossuary  | Learned a level 2 spell: Poisonous Vapours
   568 | D:6      | Noticed a gnoll sergeant
   571 | D:6      | Mangled by a gnoll

Illustrated notes

Levels and vault maps discovered:
D:5:      wad_woods_settlement, layout_loops_corners, vehumet_crystals,
          enter_ossuary_2, roderic_filled_cross, serial_park_tiny_1,
          chequers_serial_rivers_marsh, nicolae_fountain_basement
D:6:      corexii_shantytown, layout_basic, minivault_25, uniq_edmund

Skill      XL: |  1 |
---------------+----+-----
Spellcasting   | 1 |  1.4
Fighting       | |  3.0
Short Blades   | |  1.5
Dodging        | |  1.5
Stealth        | |  4.1
Air Magic      | |  0.9
Poison Magic   | |  0.9

Action                     || total
---------------------------++-------
  Melee: Short sword       ||    12
   Fire: Sling             ||    44
    Use: Scroll            ||     1
  Dodge: Dodged            ||     7

Table legend: (Time is in decaauts)
 A = Elapsed time spent in this place.
 B = Non-inter-level travel time spent in this place.
 C = Inter-level travel time spent in this place.
 D = Time resting spent in this place.
 E = Time spent auto-exploring this place.
 F = Levels seen in this place.
 G = Mean time per level.
                   A        B        C        D        E       F      G
               +--------+--------+--------+--------+--------+-----+--------+
         Total |    584 |    560 |     24 |    368 |      0 |   3 |  194.7 |
       Dungeon |    114 |     90 |     24 |     34 |      0 |   2 |   57.0 |
       Ossuary |    469 |    469 |      0 |    334 |      0 |   1 |  469.0 |
               +--------+--------+--------+--------+--------+-----+--------+

Top non-repeatable levels by time:
 Ossuary: 469 daAuts
     D:5: 109 daAuts
     D:6: 5 daAuts
